Map: Acid Plant LE

Players

Elazer - Winner!

  • Race: Zerg Zerg
  • Spawn Location: 11:00

Denver

  • Race: Zerg Zerg
  • League: Master
  • Spawn Location: 5:00

Event: HomeStory Cup XVIII

VOD

Have the link to the VOD?

Description

Time

  • Played on: Nov. 22, 2018, 10:37 a.m.
  • Length: 11:56

All games in this series

Show
View Real Time Build Order
Export as new Build Order

Elazer Zerg - Winner!

Build Orders: Hatch First 

Get SALT Encoding   

  12  0:00  Drone  
  13  0:12  Overlord  
  13  0:16  Drone  
  14  0:30  Drone x2  
  16  0:47  Hatchery  
  15  0:51  Drone  
  15  0:54  Drone  
  17  0:57  Drone  
  18  1:08  Extractor  
  17  1:13  Spawning Pool  
  17  1:16  Drone  
  17  1:19  Drone  
  18  1:27  Drone  
  19  1:38  Drone  
  20  1:49  Drone  
  21  1:59  Queen x2  
  25  2:03  Drone  
  25  2:05  Overlord  
  26  2:13  Drone x2  
  26  2:14  Metabolic Boost  
  28  2:25  Zergling x4  
  30  2:32  Drone  
  30  2:33  Drone  
  32  2:43  Hatchery  
  31  2:44  Baneling Nest  
  31  2:48  Overlord  
  31  2:51  Drone  
  31  2:53  Drone  
  31  2:55  Drone  
  33  3:05  Drone x2  
  33  3:08  Zergling x4  
  33  3:09  Drone  
  33  3:12  Drone x2  
  39  3:17  Overlord  
  39  3:24  Overlord  
  39  3:27  Queen  
  39  3:28  Baneling  
  39  3:31  Drone x2  
  43  3:37  Drone  
  43  3:38  Drone, Evolution Chamber  
  43  3:40  Drone  
  45  3:43  Drone x2  
  45  3:48  Drone x2  
  49  3:50  Drone  
  49  3:53  Drone x2  
  52  3:55  Overlord  
  52  3:59  Drone  
  53  4:04  Zerg Missile Weapons Level 1  
  53  4:06  Drone x2  
  55  4:12  Drone x2  
  55  4:13  Lair  
  55  4:16  Extractor x2, Zergling x2  
  55  4:17  Zergling x2  
  57  4:20  Zergling x2  
  57  4:22  Drone x2  
  59  4:29  Overlord  
  59  4:30  Drone, Roach Warren  
  59  4:32  Drone  
  59  4:38  Overlord  
  60  4:42  Drone x4  
  60  4:45  Pneumatized Carapace  
  64  4:46  Overlord  
  64  4:48  Extractor, Drone x2  
  64  4:50  Extractor, Drone x2  
  64  4:52  Drone  
  67  4:54  Drone  
  67  4:55  Drone  
  67  4:59  Overlord  
  69  5:00  Drone  
  69  5:06  Overlord  
  70  5:07  Drone x2  
  70  5:12  Roach x3  
  77  5:15  Roach  
  77  5:16  Roach x2  
  77  5:20  Roach x3  
  88  5:29  Glial Reconstitution  
  88  5:33  Roach  
  88  5:34  Roach  
  92  5:36  Drone x2  
  92  5:37  Drone  
  92  5:39  Drone, Hatchery  
  92  5:41  Overlord  
  94  5:43  Roach  
  94  5:48  Overlord  
  96  5:51  Overlord x2  
  96  5:52  Roach  
  98  5:59  Roach x4  
  98  6:02  Overlord  
  106  6:05  Roach x2  
  106  6:07  Overlord  
  110  6:12  Overlord  
  110  6:13  Roach  
  110  6:14  Roach x2  
  110  6:17  Overlord  
  115  6:20  Roach x2  
  119  6:26  Overlord  
  119  6:32  Overlord  
  118  6:36  Roach  
  118  6:37  Roach x6  
  132  6:40  Zerg Missile Weapons Level 2  
  132  6:42  Roach x2  
  132  6:46  Roach  
  138  6:51  Overlord  
  138  6:53  Roach x2  
  140  6:55  Queen  
  140  6:56  Queen  
  142  7:02  Roach x4  
  142  7:05  Queen  
  148  7:12  Roach x3  
  148  7:16  Roach x3  
  144  7:25  Queen  
  136  7:34  Roach x9  
  144  7:39  Roach  
  144  7:40  Roach x2  
  144  7:44  Roach x3  
  138  7:59  Roach  
  138  8:00  Roach x8  
  150  8:11  Roach x5  
  156  8:17  Roach  
  156  8:18  Roach  
  156  8:19  Queen x2  
  144  8:29  Queen x2  
  144  8:32  Spore Crawler  
  144  8:34  Spore Crawler  
  142  8:36  Spore Crawler  
  129  8:49  Spore Crawler  
  129  8:54  Queen x2  
  124  8:56  Spore Crawler  
  115  9:03  Roach x8  
  115  9:05  Queen  
  115  9:09  Hydralisk Den  
  120  9:10  Zerg Ground Armor Level 1  
  120  9:15  Spore Crawler  
  119  9:17  Spore Crawler  
  119  9:18  Drone x4  
  119  9:24  Queen  
  112  9:38  Hydralisk x5, Spore Crawler  
  103  9:39  Spore Crawler  
  112  9:48  Roach  
  112  9:49  Roach x3  
  116  9:56  Grooved Spines  
  116  9:57  Spore Crawler  
  116  9:58  Spore Crawler  
  110  10:01  Drone x6  
  116  10:08  Overseer  
  116  10:13  Hydralisk x4  
  112  10:20  Drone x4  
  101  10:28  Spore Crawler  
  101  10:29  Drone x5  
  105  10:37  Spore Crawler  
  105  10:38  Drone x5  
  105  10:39  Drone  
  106  10:51  Hydralisk  
  106  10:52  Hydralisk x3  
  106  10:53  Spore Crawler  
  106  10:54  Spore Crawler  
  112  10:58  Hydralisk  
  112  10:59  Hydralisk  
  112  11:00  Spore Crawler  
  115  11:07  Hydralisk x4  
  123  11:14  Roach  
  123  11:15  Roach x3  
  129  11:23  Roach  
  131  11:33  Drone  
  131  11:34  Lurker Den  
  131  11:35  Drone x3  
  131  11:36  Drone x2  
  131  11:37  Drone x2  
Show
View Real Time Build Order
Export as new Build Order

Denver Zerg 

Build Orders: Hatch First 

Get SALT Encoding   

  12  0:00  Drone  
  13  0:12  Overlord  
  13  0:17  Drone  
  14  0:30  Drone  
  14  0:31  Drone  
  16  0:47  Hatchery  
  15  0:52  Drone  
  15  0:55  Drone  
  17  0:58  Drone  
  18  1:08  Extractor  
  17  1:13  Spawning Pool  
  17  1:17  Drone  
  17  1:21  Drone  
  18  1:28  Drone  
  19  1:38  Drone  
  20  1:50  Drone  
  21  2:00  Queen x2  
  25  2:01  Zergling x2  
  25  2:03  Drone  
  27  2:09  Metabolic Boost  
  27  2:11  Overlord  
  27  2:12  Drone  
  28  2:28  Hatchery  
  27  2:30  Drone  
  27  2:33  Drone  
  27  2:36  Drone  
  30  2:38  Drone  
  30  2:42  Drone  
  32  2:45  Drone  
  33  2:53  Overlord  
  33  2:57  Baneling Nest  
  32  3:00  Zergling x2  
  32  3:02  Queen  
  35  3:06  Zergling x2  
  35  3:11  Overlord  
  35  3:12  Drone x2  
  38  3:15  Zergling x2  
  38  3:18  Drone  
  38  3:19  Drone  
  40  3:24  Overlord  
  40  3:26  Drone  
  41  3:28  Drone  
  43  3:34  Drone  
  43  3:35  Evolution Chamber  
  43  3:38  Drone  
  43  3:42  Drone  
  43  3:43  Drone x3  
  43  3:48  Drone x2  
  49  3:52  Extractor  
  49  3:55  Roach Warren  
  47  3:56  Drone  
  47  3:58  Drone  
  47  4:01  Zerg Melee Weapons Level 1  
  47  4:02  Baneling  
  49  4:03  Zergling x2  
  49  4:07  Drone  
  51  4:10  Drone x2  
  51  4:14  Drone  
  51  4:15  Drone x3  
  57  4:21  Drone  
  57  4:22  Lair  
  57  4:23  Drone  
  59  4:24  Drone  
  59  4:26  Drone  
  59  4:27  Drone  
  59  4:29  Extractor  
  59  4:30  Overlord  
  61  4:36  Extractor  
  61  4:38  Drone x3  
  63  4:39  Drone  
  63  4:44  Overlord  
  64  4:47  Overlord  
  64  4:48  Drone  
  64  4:50  Zergling x6  
  64  4:51  Zergling x2  
  69  4:53  Drone  
  69  4:54  Overlord  
  69  4:58  Drone x2  
  72  5:01  Extractor x2, Overlord  
  72  5:04  Overlord  
  70  5:07  Baneling  
  70  5:10  Overlord  
  70  5:13  Drone x3  
  72  5:17  Drone x3  
  72  5:21  Overlord  
  74  5:23  Drone  
  74  5:26  Spire  
  73  5:29  Drone x4  
  73  5:32  Zergling x4  
  79  5:38  Overlord  
  78  5:44  Zergling x4  
  78  5:47  Drone  
  78  5:49  Zergling x6  
  84  5:51  Baneling x2  
  84  5:53  Zergling x4  
  86  5:58  Hatchery  
  86  6:00  Zergling x12  
  91  6:04  Overlord  
  91  6:17  Zergling x2  
  91  6:18  Zergling x8  
  91  6:19  Queen  
  92  6:37  Mutalisk x11  
  110  6:45  Zerg Melee Weapons Level 2  
  110  6:46  Mutalisk x2  
  111  6:49  Zergling x2  
  111  6:51  Queen, Zergling x6  
  116  6:58  Zergling x10  
  114  7:03  Zergling x2  
  103  7:09  Zergling x2  
  103  7:13  Zergling x10  
  103  7:14  Zergling x2  
  97  7:19  Mutalisk  
  97  7:20  Mutalisk  
  91  7:24  Queen  
  86  7:35  Mutalisk x3  
  79  7:39  Zergling x2  
  76  7:47  Zergling x8  
  75  7:55  Zergling x8  
  78  8:01  Zergling x6  
  78  8:09  Zergling x2  
  78  8:10  Zergling x4  
  78  8:21  Drone x4  
  80  8:27  Mutalisk  
  79  8:38  Mutalisk  
  79  8:39  Overlord  
  79  8:40  Queen  
  81  8:43  Zergling x2  
  81  8:44  Zergling x2  
  83  8:52  Mutalisk  
  80  8:57  Zergling x8  
  83  9:09  Zergling x4  
  84  9:13  Zergling x2  
  84  9:14  Zergling x4  
  84  9:16  Zergling x2  
  86  9:21  Mutalisk  
  78  9:35  Mutalisk  
  78  9:37  Zergling x4  
  81  9:42  Zergling x8  
  85  9:52  Zergling x8  
  88  9:55  Mutalisk  
  88  10:20  Zergling x2  
  88  10:21  Zergling x6  
  80  10:24  Queen  
  80  10:26  Mutalisk x2  
  84  10:33  Mutalisk  
  82  10:40  Zergling x6  
  83  10:55  Zergling x6  
  84  10:57  Mutalisk  
  85  11:06  Mutalisk  
  85  11:09  Drone x3  
  88  11:12  Baneling x2  
  88  11:28  Mutalisk  
  88  11:31  Zergling x2  
  91  11:38  Zergling x4  
Tags
 
Add a new tag
Caveats
  • Supply blocks, unpowered buildings, or Contaminate may cause inaccurate times.
  • Supply counts are checked every 10 seconds.